 Dungeon Crawl Stone Soup version 0.21.1-1-g345015f (webtiles) character file.

56 Threepwind the Sneak (level 4, 26/26 HPs)
             Began as a Kobold Assassin on June 17, 2018.
             Quit the game on level 2 of the Dungeon on June 18, 2018.
             The game lasted 00:08:15 (1471 turns).

Threepwind the Sneak (Kobold Assassin)              Turns: 1471, Time: 00:08:16

Health: 26/26      AC:  4    Str:  8    XL:     4   Next: 17%
Magic:  4/4        EV: 13    Int: 12    God:
Gold:   87         SH:  0    Dex: 17    Spells: 3/3 levels left

rFire    . . .     SeeInvis .   a - +2 dagger
rCold    . . .     Gourm    .   (shield restricted)
rNeg     . . .     Faith    .   n - +0 leather armour
rPois    .         Spirit   .   (no helmet)
rElec    .         Reflect  .   d - +0 cloak
rCorr    .         Harm     .   (no gloves)
MR       .....                  (no boots)
Stlth    +++.......             (no amulet)
HPRegen  0.08/turn              (no ring)
MPRegen  0.09/turn              (no ring)

@: no status effects
A: small, carnivore
a: no special abilities


You were on level 2 of the Dungeon.
You were very full.

You visited 1 branch of the dungeon, and saw 2 of its levels.

You collected 87 gold pieces.

Inventory:

Hand Weapons
 a - a +2 dagger (weapon)
 b - a +0 blowgun
Missiles
 e - 8 poisoned needles
 f - 2 curare-tipped needles
Armour
 c - a +0 robe
 d - a +0 cloak (worn)
 n - a +0 leather armour (worn)
Jewellery
 k - an uncursed ring of fire {unknown}
 m - an uncursed amulet of faith {unknown}
 t - a cursed ring of teleportation {unknown}
Scrolls
 h - 2 scrolls of teleportation {unknown}
 i - a scroll of identify {unknown}
 l - 2 scrolls of enchant armour {unknown}
 o - a scroll of random uselessness {unknown}
 p - a scroll of remove curse {unknown}
 s - a scroll of immolation {unknown}
 v - a scroll of magic mapping {unknown}
Potions
 j - a potion of haste {unknown}
 q - a potion of heal wounds {unknown}
 r - 2 potions of agility {unknown}
 w - a potion of curing {unknown}
Books
 u - a book of Minor Magic

   Spells                             Type                      Level
   a - Magic Dart                     Conjuration                  1
   b - Blink                          Translocation                2
   c - Call Imp                       Summoning                    2
   d - Slow                           Hexes                        2
   e - Conjure Flame                  Conjuration/Fire             3
   f - Mephitic Cloud                 Conjuration/Poison/Air       3
Comestibles
 g - 4 rations


   Skills:
 - Level 2.1 Fighting
 * Level 4.8 Short Blades
 - Level 2.1 Throwing
 - Level 1.2 Dodging
 + Level 6.1 Stealth


You had 3 spell levels left.
You didn't know any spells.

Dungeon Overview and Level Annotations

Branches:
Dungeon (2/15)

Altars:
Qazlal
Yredelemnul

Annotations:
D:2 2 runed doors


Innate Abilities, Weirdness & Mutations

You are small and have problems with some larger weapons.
You are carnivorous and can eat meat at any time.


Message History

The hobgoblin is severely wounded.
The hobgoblin closely misses you.
You hit the hobgoblin.
The hobgoblin is almost dead.
The hobgoblin hits you with a club!
You barely miss the hobgoblin.
The hobgoblin is almost dead.
You hit the hobgoblin.
You kill the hobgoblin!
No target in view!
No target in view!
You start resting.
HP restored.
Unknown command.
Unknown command.
Unknown command.
Unknown command.
Unknown command.
Unknown command.
Are you sure you want to abandon this character and quit the game? (Confirm with "yes".)

##.## # ###...##.##
#.>.#)....# #...@.#
#..#.## #..#.#
##### ##..#.#
>....##....#.......
#.......#.##.#.##
#......#### #
#.##......#
#........#####


There were no monsters in sight!

Vanquished Creatures
  A human zombie (D:2)
  A worm (D:2)
  A dart slug (D:1)
  2 giant cockroaches (D:1)
  2 goblins (D:1)
  4 hobgoblins
  3 ball pythons
  A bat (D:1)
  3 frilled lizards (D:1)
  5 kobolds
  2 rats (D:2)
25 creatures vanquished.

Notes
Turn   | Place    | Note
-------+----------+-------------------------------------------
     0 | D:1      | Threepwind the Kobold Assassin began the quest for the Orb.
     0 | D:1      | Reached XP level 1. HP: 12/12 MP: 1/1
   353 | D:1      | Reached XP level 2. HP: 17/17 MP: 2/2
  1016 | D:2      | Reached XP level 3. HP: 21/21 MP: 3/3
  1130 | D:2      | Found a stormy altar of Qazlal.
  1282 | D:2      | Found a runed door.
  1306 | D:2      | Found a runed door.
  1306 | D:2      | Noticed a human
  1311 | D:2      | Found a basalt altar of Yredelemnul.
  1346 | D:2      | Reached skill level 6 in Stealth
  1346 | D:2      | Reached XP level 4. HP: 23/26 MP: 4/4
  1471 | D:2      | Quit the game

Skill      XL: |  1  2  3 |
---------------+----------+-----
Short Blades   | 3 4 |  4.8
Stealth        | 6 |  6.1
Fighting       | |  2.1
Throwing       | |  2.1
Dodging        | |  1.2

Action                   |  1- 3 |  4- 6 || total
-------------------------+-------+-------++-------
Melee: Dagger            |    86 |     6 ||    92
 Stab: Sleeping          |    10 |       ||    10
  Eat: Chunk             |     9 |       ||     9
Armor: Robe              |     8 |       ||     8
       Leather armour    |     4 |       ||     4
Dodge: Dodged            |    39 |     3 ||    42
